 Dungeon Crawl Stone Soup version 0.30.0 (webtiles) character file.

Game seed: 6258516314522825763

404 Irreverend the Trooper (level 7, -1/53 HPs)
             Began as a Djinni Fire Elementalist on May 7, 2023.
             Was an Initiate of Makhleb.
             Slain by Prince Ribbit (13 damage)
             ... on level 5 of the Dungeon.
             The game lasted 00:20:58 (4742 turns).

Irreverend the Trooper (Djinni Fire Elementalist)   Turns: 4742, Time: 00:20:58

Health: -1/53      AC:  2    Str:  7    XL:     7   Next: 12%
Gold:   221        EV: 12    Int: 24    God:    Makhleb [......] SH:  0 Dex: 14

rFire   + + .        (no weapon)
rCold   x . .        (no shield)
rNeg    . . .        a - +0 robe
rPois   ∞            (no helmet)
rElec   .            (no cloak)
rCorr   .            (no gloves)
SInv    .            (boots unavailable)
Will    +....        (no amulet)
Stlth   ++           e - ring of willpower
HPRegen 0.28/turn    i - +6 ring of intelligence
MPRegen 0.00/turn

%: infuse magic (-2 HP)
@: confusing by touch, flying
A: sickness immunity, fire resistance 2, cold vulnerability 1, float, innate
caster, HP casting, extra vitality 1
a: Renounce Religion


You were on level 5 of the Dungeon.
You worshipped Makhleb.
Makhleb was noncommittal.
You visited 2 branches of the dungeon, and saw 6 of its levels.

You collected 221 gold pieces.

Inventory:

Armour
 a - a +0 robe (worn)
 n - a +0 leather armour
Jewellery
 e - a ring of willpower (left hand)
 i - a +6 ring of intelligence (right hand)
 x - a +4 ring of protection
 y - a ring of magical power
Wands
 p - a wand of flame (15) (quivered)
 v - a wand of digging (7)
Scrolls
 b - 3 scrolls of teleportation
 f - a scroll of magic mapping {unknown}
 k - 2 scrolls of immolation {unknown}
 o - a scroll of poison {unknown}
 r - a scroll of blinking {unknown}
 s - 3 scrolls of noise {unknown}
 u - 3 scrolls of identify {unknown}
 w - a scroll of vulnerability {unknown}
Potions
 c - 3 potions of curing {unknown}
 d - a potion of lignification {unknown}
 g - 3 potions of heal wounds {unknown}
 h - 3 potions of brilliance {unknown}
 j - 2 potions of degeneration {unknown}
 l - a potion of attraction {unknown}
 m - 2 potions of haste {unknown}
 q - 3 potions of flight {unknown}
 t - a potion of invisibility {unknown}
 z - a potion of might {unknown}
 A - a potion of berserk rage {unknown}


   Skills:
 * Level 4.6 Fighting
 - Level 2.1 Dodging
 - Level 1.5 Stealth
 * Level 4.4 Spellcasting


You knew the following spells:

 Your Spells              Type           Power      Damage    Failure   Level
a - Foxfire               Conj/Fire      100%       2x1d9     1%          1
b - Scorch                Fire           52%        2d7       2%          2
c - Volatile Blastmotes   Fire/Tloc      52%        2d14      4%          3
d - Inner Flame           Hex/Fire       26%        N/A       4%          3
e - Flame Wave            Conj/Fire      26%        2d8       16%         4
f - Magic Dart            Conj           100%       1d8       1%          1
g - Poisonous Vapours     Pois/Air       52%        N/A       2%          2
h - Confusing Touch       Hex            26%        N/A       4%          3
Your spell library was empty.

Dungeon Overview and Level Annotations

Branches:
Dungeon (5/15)             Temple (1/1) D:4

Altars:
Ashenzari
Cheibriados
Dithmenos
Elyvilon
Fedhas
Gozag
Hepliaklqana
Makhleb
Nemelex Xobeh
Okawaru
Qazlal
Ru
Trog
Uskayaw
Xom
Yredelemnul
Zin

Shops:
D:2 [

Annotations:
D:5 Prince Ribbit


Innate Abilities, Weirdness & Mutations

You are immune to sickness and miasma.
You are immune to poison.
Your flesh is very heat resistant. (rF++)
You are vulnerable to cold. (rC-)
You float through the air rather than walking.
You learn spells naturally, not from books.
Your magical power is your life essence.
You have superior vitality. (+4 MHP)


Message History

Confirm with . or Enter, or press ? or * to list all spells.
Aiming: Poisonous Vapours (safe; 2% risk of failure)
Press: ? - help, Dir - move target, f - Prince Ribbit
Aim: Prince Ribbit Poisonous vapours surround Prince Ribbit!
Prince Ribbit is poisoned.
Casting: Poisonous Vapours (safe; 2% risk of failure)
Confirm with . or Enter, or press ? or * to list all spells.
Aiming: Poisonous Vapours (safe; 2% risk of failure)
Press: ? - help, Dir - move target, f/p - Prince Ribbit
Aim: Prince Ribbit (lightly wounded, poisoned) Poisonous vapours surround Prince Ribbit!
Prince Ribbit looks even sicker.
You hear the brisk hiss of an avalanche of sand very nearby.
Casting: Poisonous Vapours (safe; 2% risk of failure)
Confirm with . or Enter, or press ? or * to list all spells.
Aiming: Poisonous Vapours (safe; 2% risk of failure)
Press: ? - help, Dir - move target, f/p - Prince Ribbit
Aim: Prince Ribbit (lightly wounded, very poisoned) Poisonous vapours surround Prince Ribbit!
Prince Ribbit looks as sick as possible!
Casting: Poisonous Vapours (safe; 2% risk of failure)
Confirm with . or Enter, or press ? or * to list all spells.
Aiming: Poisonous Vapours (safe; 2% risk of failure)
Press: ? - help, Dir - move target, f/p - Prince Ribbit
Aim: Prince Ribbit (lightly wounded, extremely poisoned) Poisonous vapours surround Prince Ribbit!
Prince Ribbit looks as sick as possible!
Prince Ribbit hits you!
Casting: Poisonous Vapours (safe; 2% risk of failure)
Confirm with . or Enter, or press ? or * to list all spells.
Your hands begin to glow red.
Prince Ribbit barely misses you.
You hit Prince Ribbit but do no damage.
Prince Ribbit is moderately wounded.
Prince Ribbit hits you! x2
* * * LOW HITPOINT WARNING * * *
You barely miss Prince Ribbit.
Prince Ribbit is moderately wounded.
Prince Ribbit hits you!
You die...

#.#. . #.#. .## #.#.
.... #.#. #.... #.#.
#.##.# #.#. #.##.#
#.#. ###F##.######
##.#. #..@........#
#..#.
......#.......#.#
#.##. ####.
#......)..# #.##. ..
#.###.#.#.####.... ##
#...#.#.#...##...#
...###.#.#.#.#.##....
#.......#.#.........
#..##...............
......................


You could see Prince Ribbit (extremely poisoned).

Vanquished Creatures
  2 hounds
  2 jellies
  2 iguanas
  2 sleepcaps
  An orc wizard (D:4)
  6 adders
  2 worms (D:2)
  3 dart slugs
  6 orcs
  12 ball pythons
  7 bats
  3 endoplasms
  A giant cockroach (D:1)
  5 goblins
  10 hobgoblins
  4 jackals
  11 kobolds
  3 quokkas
  3 frilled lizards
  7 rats
92 creatures vanquished.

Vanquished Creatures (others)
  69 foxfires
69 creatures vanquished.

Grand Total: 161 creatures vanquished

Notes
Turn   | Place    | Note
-------+----------+-------------------------------------------
     0 | D:1      | Irreverend the Djinni Fire Elementalist began the quest for
                  | the Orb.
     0 | D:1      | Irreverend set off with the following spells memorised:
                  | Foxfire, Scorch, Volatile Blastmotes, Inner Flame, Flame
                  | Wave.
     0 | D:1      | Reached XP level 1. HP: 15/15 MP: 0/0
   290 | D:1      | Reached skill level 1 in Fighting
   290 | D:1      | Reached XP level 2. HP: 21/22 MP: 0/0
   605 | D:1      | Reached XP level 3. HP: 27/27 MP: 0/0
   605 | D:1      | Learned a level 1 spell: Magic Dart
  1441 | D:2      | Reached XP level 4. HP: 29/33 MP: 0/0
  2178 | D:2      | Found Vemimiakk's Antique Armour Boutique.
  2306 | D:3      | Reached XP level 5. HP: 34/40 MP: 0/0
  2306 | D:3      | Learned a level 2 spell: Poisonous Vapours
  3551 | D:4      | Reached XP level 6. HP: 17/47 MP: 0/0
  3927 | D:4      | Found a staircase to the Ecumenical Temple.
  4046 | Temple   | Entered the Ecumenical Temple
  4056 | Temple   | Became a worshipper of Makhleb the Destroyer
  4108 | D:4      | Found a sacrificial altar of Ru.
  4381 | D:5      | Entered Level 5 of the Dungeon
  4576 | D:5      | Reached XP level 7. HP: 40/53 MP: 0/0
  4576 | D:5      | Learned a level 3 spell: Confusing Touch
  4735 | D:5      | Noticed Prince Ribbit
  4742 | D:5      | Slain by Prince Ribbit

Illustrated notes

Levels and vault maps discovered:
D:1:      lemuel_arrival_broad_hall, layout_basic
D:2:      layout_loops_ring, serial_shops, nicolae_shop_advertising_works
          [nicolae_subvault_shop_adworks], minmay_tiny_reverse_x
D:3:      layout_basic, due_unseen_surprise
D:4:      layout_basic, nicolae_ru_awakened_eye, minmay_temple_entry_mist
D:5:      layout_basic, serial_co_window_serial, co_window_corner_a,
          co_window_paths_b, co_window_corner_a, co_window_of_opportunity_a,
          co_window_paths_b, co_window_paths_b, co_window_broadway_a,
          co_window_corner_b, co_window_cross_2, co_window_corner_ca,
          co_window_corner_ca, co_window_paths_d, co_window_paths_e,
          glass_columns_a, enter_ossuary_4, uniq_prince_ribbit1
Temple:   hellmonk_temple_of_storms

Skill      XL: |  1  2  3  4  5  6 |
---------------+-------------------+-----
Fighting       | 1 2 3 4 |  4.6
Spellcasting   | 3 4 |  4.4
Dodging        | |  2.1
Stealth        | |  1.5

Action                     |  1- 3 |  4- 6 |  7- 9 || total
---------------------------+-------+-------+-------++-------
  Melee: Unarmed           |       |     1 |     2 ||     3
   Cast: Foxfire           |    31 |    10 |       ||    41
         Scorch            |    15 |    69 |     3 ||    87
         Magic Dart        |       |    15 |       ||    15
         Volatile Blastmot |       |     1 |       ||     1
         Poisonous Vapours |       |     9 |     4 ||    13
         Confusing Touch   |       |       |     1 ||     1
    Use: Scroll            |       |     1 |       ||     1
 Armour: Robe              |     6 |     3 |       ||     9
  Dodge: Dodged            |    14 |    11 |     1 ||    26
